 Dungeon Crawl Stone Soup version 0.25.1-2-g60ff931df9 (webtiles) character file.

Game seed: 1494589846068341734

2314 snilloc10 the Slicer (level 9, -7/62 HPs)
             Began as a Halfling Fighter on Dec 8, 2020.
             Killed from afar by Erica (18 damage)
             ... with a bolt of poison
             ... on level 8 of the Dungeon.
             The game lasted 00:40:44 (7149 turns).

snilloc10 the Slicer (Halfling Fighter)             Turns: 7149, Time: 00:40:44

Health: -7/62      AC: 14    Str: 18    XL:     9   Next: 68%
Magic:  9/9        EV: 12    Int:  6    God:
Gold:   286        SH:  0    Dex: 16    Spells: 6/8 levels left

rFire    + . .     SeeInvis .   b - staff of fire
rCold    + . .     Gourm    .   (shield currently unavailable)
rNeg     + . .     Faith    .   G - +0 chain mail
rPois    .         Spirit   .   k - +2 helmet
rElec    .         Reflect  .   (no cloak)
rCorr    .         Harm     .   (no gloves)
MR       .....                  B - +0 pair of boots
Stlth    ..........             (no amulet)
HPRegen  0.20/turn              h - ring of protection from cold
MPRegen  0.11/turn              y - ring of positive energy

@: lethally poisoned (-7 -> -14), slowed, very slow
A: small, mutation resistance 1
a: no special abilities


You were on level 8 of the Dungeon.
You were not hungry.

You visited 1 branch of the dungeon, and saw 8 of its levels.

You collected 286 gold pieces.

Inventory:

Hand Weapons
 a - a +0 rapier
 c - a +2 dagger of draining
Missiles
 A - 5 boomerangs (quivered)
Armour
 j - a +5 kite shield
 k - a +2 helmet (worn)
 B - a +0 pair of boots (worn)
 G - a +0 chain mail (worn)
Magical Staves
 b - an uncursed staff of fire (weapon)
Jewellery
 h - a ring of protection from cold (left hand)
 i - an uncursed ring of magical power
 n - an uncursed ring of protection from fire
 w - an uncursed amulet of faith
 y - a ring of positive energy (right hand)
 C - an uncursed amulet of the acrobat {unknown}
Wands
 m - a wand of paralysis (10)
Scrolls
 q - 2 scrolls of teleportation
 r - 3 scrolls of amnesia
 z - a scroll of magic mapping
Potions
 d - a potion of might
 e - a potion of stabbing {unknown}
 g - 3 potions of flight
 l - 3 potions of brilliance
 o - a potion of magic {unknown}
 p - a potion of curing
 s - a potion of lignification {unknown}
 t - a potion of ambrosia {unknown}
 u - a potion of mutation {unknown}
 v - 2 potions of berserk rage
 x - a potion of heal wounds {unknown}
 F - a potion of cancellation {unknown}
Comestibles
 f - 11 rations
 D - 3 chunks of flesh


   Skills:
 * Level 6.0 Fighting
 - Level 9.6 Short Blades
 - Level 5.0 Armour
 * Level 5.2 Dodging
 + Level 5.7 Shields


You had 6 spell levels left.
You knew the following spells:

 Your Spells              Type           Power        Failure   Level  Hunger
a - Magic Dart            Conj           #...         99%         1    ##.....
b - Corona                Hex            #......      99%         1    ##.....

Your spell library contained the following spells:

 Spells                   Type           Power        Failure   Level  Hunger
 Blink                    Tloc           N/A          100%        2    ###....
 Call Imp                 Summ           #.......     100%        2    ###....
 Ensorcelled Hibernation  Hex/Ice        #.....       100%        2    ###....
 Slow                     Hex            #.......     100%        2    ###....
 Confusing Touch          Hex            #.......     100%        3    ####...
 Conjure Flame            Conj/Fire      #.......     100%        3    ####...
 Dazzling Flash           Conj/Hex       #.....       100%        3    ####...
 Gell's Gravitas          Tloc           #.........   100%        3    ####...
 Mephitic Cloud           Conj/Pois/Air  #.......     100%        3    ####...
 Tukima's Dance           Hex            #.......     100%        3    ####...
 Petrify                  Tmut/Erth      #.......     100%        4    #####..
 Metabolic Englaciation   Hex/Ice        #.........   100%        5    ######.
 Yara's Violent Unravell  Hex/Tmut       #.........   100%        5    ######.


Dungeon Overview and Level Annotations

Branches:
Dungeon (8/15)             Temple (0/1) D:6
   Lair: D:8-11

Altars:
Cheibriados
Dithmenos
Fedhas
Qazlal
Xom
Zin
The Shining One
Beogh

Annotations:
D:7 2 transporters
D:8 Erica


Innate Abilities, Weirdness & Mutations

You are small and have problems with some larger weapons.
You are somewhat resistant to further mutation.


Message History

Erica shouts!
You open the door.
Erica screams, "You'll never get it!"
There is an open door here.
Found a leatherbound book.
Erica casts a spell at you. The lance of force hits you!
* * * LOW HITPOINT WARNING * * *
You are knocked back by the lance of force.
Found a stone staircase leading down.
Erica screams, "Die!"
Erica mumbles some strange words.
Erica flickers and vanishes!
Deactivating autopickup; reactivate with Ctrl-A.
There is a stone staircase leading down here.
You hear some strange, mumbled words.
A bolt of poison appears from out of thin air!
The bolt of poison hits you!!
You are poisoned.
You die...

#......#...#{#
#.....##...#.#
#..........#.#
.......#.#####.#{#
...###..?........#
## ###.######:.#
#.# #..# #.# #..#
#.# #.@# .# ####


There were no monsters in sight!

Vanquished Creatures
  Duvessa (D:4)
  An ice beast (D:6)
  3 ogres
  A phantom (D:5)
  2 centaurs
  4 bullfrogs
  A wyvern zombie (D:7)
  3 scorpions
  Dowan (D:4)
  4 killer bees (D:7)
  A howler monkey (D:4)
  2 crimson imps
  A hound (D:7)
  3 orc priests
  A bullfrog skeleton (D:6)
  Terence (D:2)
  3 iguanas
  5 orc wizards
  4 worker ants
  Robin (D:4)
  10 gnolls
  A howler monkey skeleton (D:5)
  10 adders
  2 shadow imps (D:7)
  4 worms
  2 leopard geckos
  17 orcs
  4 giant cockroaches
  7 hobgoblins
  14 jackals
  4 quokkas
  4 frilled lizards
  A giant cockroach zombie (D:5)
  13 goblins
  5 kobolds
  A quokka skeleton (D:4)
  2 quokka zombies (D:5)
  11 rats
155 creatures vanquished.

Notes
Turn   | Place    | Note
-------+----------+-------------------------------------------
     0 | D:1      | snilloc10 the Halfling Fighter began the quest for the Orb.
     0 | D:1      | Reached XP level 1. HP: 15/15 MP: 1/1
   175 | D:1      | Reached skill level 3 in Short Blades
   375 | D:1      | Reached XP level 2. HP: 20/20 MP: 2/2
   828 | D:2      | Noticed an angel
   829 | D:2      | Found a shimmering altar of Xom.
   829 | D:2      | Found a glowing silver altar of Zin.
   846 | D:2      | Reached skill level 4 in Short Blades
   846 | D:2      | Reached XP level 3. HP: 18/25 MP: 3/3
  1305 | D:2      | Noticed Terence
  1346 | D:2      | Killed Terence
  1346 | D:2      | Reached skill level 5 in Short Blades
  1346 | D:2      | Reached XP level 4. HP: 20/30 MP: 4/4
  1758 | D:3      | Reached XP level 5. HP: 32/35 MP: 5/5
  1818 | D:3      | Found a shadowy altar of Dithmenos.
  1830 | D:3      | Reached skill level 6 in Short Blades
  2151 | D:3      | Found a blossoming altar of Fedhas.
  2151 | D:3      | Found a snail-covered altar of Cheibriados.
  2154 | D:3      | Found a glowing golden altar of the Shining One.
  2417 | D:4      | Reached skill level 7 in Short Blades
  2417 | D:4      | Reached XP level 6. HP: 37/41 MP: 6/6
  2423 | D:4      | Noticed Duvessa
  2428 | D:4      | Noticed Dowan
  2469 | D:4      | Killed Dowan
  2475 | D:4      | Killed Duvessa
  2475 | D:4      | Reached skill level 8 in Short Blades
  2475 | D:4      | Reached XP level 7. HP: 27/45 MP: 7/7
  2568 | D:4      | Noticed Robin
  2592 | D:4      | Killed Robin
  2691 | D:5      | Entered Level 5 of the Dungeon
  2880 | D:4      | Reached skill level 9 in Short Blades
  3118 | D:4      | Reached skill level 1 in Dodging
  3118 | D:4      | Reached XP level 8. HP: 51/51 MP: 8/8
  3491 | D:5      | Found a stormy altar of Qazlal.
  5039 | D:6      | Reached XP level 9. HP: 42/59 MP: 9/9
  5348 | D:6      | Reached skill level 5 in Fighting
  5348 | D:6      | Reached skill level 5 in Armour
  5348 | D:6      | Reached skill level 5 in Shields
  5416 | D:6      | Found a staircase to the Ecumenical Temple.
  5678 | D:7      | Found a transporter.
  5992 | D:7      | Learned a level 1 spell: Magic Dart
  5994 | D:7      | Learned a level 1 spell: Corona
  6234 | D:7      | Noticed a troll
  6419 | D:7      | Found a roughly hewn altar of Beogh.
  6419 | D:7      | Found a transporter.
  6743 | D:7      | Reached skill level 5 in Dodging
  7095 | D:8      | Noticed Erica
  7149 | D:8      | Killed from afar by Erica

Illustrated notes

Levels and vault maps discovered:
D:1:      giann_horns, layout_loops_cross, chequers_jeans
D:2:      layout_loops_cross, grunt_temple_overflow_order_and_chaos_1,
          uniq_terence
D:3:      layout_rooms, nicolae_overflow_hidden_temple, first_ration
D:4:      minmay_wonky_spiral, layout_rooms, uniq_robin, uniq_duvessa
D:5:      layout_basic, overflow_temple_1_default
D:6:      layout_basic, minmay_temple_entry_nine_rooms
D:7:      gammafunk_beogh_shrine, layout_layer_cave, grunt_ministairs_1
D:8:      layout_basic, uniq_erica, uniq_prince_ribbit1

Skill      XL: |  1  2  3  4  5  6  7  8  9 |
---------------+----------------------------+-----
Short Blades   | 3 4 5 7 8 9 |  9.6
Dodging        | 1 3 5 |  5.2
Fighting       | 4 6 |  6.0
Shields        | 4 5 |  5.7
Armour         | 4 5 |  5.0

Action                   |  1- 3 |  4- 6 |  7- 9 || total
-------------------------+-------+-------+-------++-------
Melee: Rapier            |    50 |       |       ||    50
       Dagger            |    66 |   189 |   742 ||   997
       Staff             |       |       |     8 ||     8
Throw: Boomerang         |       |       |     2 ||     2
  Use: Scroll            |     1 |    11 |    14 ||    26
       Potion            |       |       |     2 ||     2
  Eat: Chunk             |     1 |     4 |    16 ||    21
Armor: Scale mail        |    29 |    34 |    87 ||   150
       Chain mail        |       |       |    35 ||    35
Dodge: Dodged            |    22 |    26 |   136 ||   184
Block: Kite shield       |    52 |    91 |   336 ||   479
